 Dungeon Crawl Stone Soup version 0.31-a0-702-gf82c85558f (webtiles) character file.

Game seed: 15077507764349195125

166 qw the Shooter (level 5, -2/32 HPs)
             Began as a Gargoyle Hunter on Sept 8, 2023.
             Slain by a crimson imp (3 damage)
             ... summoned by Eustachio
             ... on level 4 of the Dungeon.
             The game lasted 00:00:59 (1847 turns).

qw the Shooter (Gargoyle Hunter)                    Turns: 1847, Time: 00:00:59

Health: -2/32      AC: 12    Str: 15    XL:     5   Next: 47%
Magic:  5/5        EV: 10    Int:  9    God:
Gold:   131        SH:  0    Dex: 13    Spells: 4/4 levels left

rFire   . . .        Y - +0 shortbow (freeze)
rCold   . . .        (shield currently unavailable)
rNeg    + . .        i - +0 ring mail
rPois   inf          (helmet restricted)
rElec   +            e - +0 cloak
rCorr   .            h - +1 pair of gloves
SInv    .            (no boots)
Will    .....        (no amulet)
Stlth   +            (no ring)
HPRegen 0.00/turn    (no ring)
MPRegen 0.09/turn

%: no passive effects
@: inhibited regen
A: sickness immunity, AC +4, negative energy resistance 1, electricity
resistance, torment resistance 1, petrification resistance, antennae 1, clumsy
1, inhibited regeneration, devolution 1
a: no special abilities


You were on level 4 of the Dungeon.
You visited 1 branch of the dungeon, and saw 4 of its levels.

You collected 131 gold pieces.


Innate Abilities, Weirdness & Mutations

You are immune to sickness and miasma.
Your stone body is resilient. (AC +4)
You are immune to poison.
You resist negative energy. (rN+)
You are resistant to electric shocks. (rElec)
You are resistant to unholy torment.
You are immune to petrification.
You have a pair of small antennae on your head.
You are clumsy. (Dex -2)
You do not regenerate when monsters are visible.
You have hidden genetic defects.


   Skills:
 + Level 3.0 Fighting
 - Level 6.1 Ranged Weapons
 - Level 1.0 Armour
 - Level 1.5 Dodging
 - Level 1.1 Stealth


You had 4 spell levels left.
You didn't know any spells.
Your spell library was empty.

Inventory:

Hand Weapons
 Y - a +0 shortbow of freezing (weapon)
Armour
 e - a +0 cloak (worn)
 h - a +1 pair of gloves (worn)
 i - a +0 ring mail (worn)
Potions
 b - a potion of lignification {unknown}
 d - a potion of haste {unknown}
 f - a potion of ambrosia {unknown}
 g - a potion of attraction {unknown}
 j - 2 potions of might {unknown}
 k - a potion of mutation

Dungeon Overview and Level Annotations

Branches:
Dungeon (4/15)
 Temple: D:4-7

Altars:
Ru

Annotations:
D:4 Eustachio


Message History

You shoot an arrow. The arrow barely misses Eustachio.
Eustachio casts a spell.
You shoot an arrow.
The arrow barely misses the crimson imp.
The arrow hits Eustachio.
The arrow freezes Eustachio.
Eustachio is moderately wounded.
You hear the slow hiss of a distant avalanche of sand.
You hear the slow rusting of a very distant drain.
The crimson imp hits you but does no damage.
You shoot an arrow.
The arrow closely misses the crimson imp.
The arrow barely misses Eustachio.
The arrow closely misses the quasit.
The crimson imp hits you but does no damage.
You shoot an arrow. The arrow hits the crimson imp.
The arrow freezes the crimson imp.
The crimson imp is heavily wounded.
Eustachio screams, "At last I'll have my revenge!"
Eustachio casts a spell.
Eustachio blinks!
The crimson imp hits you but does no damage.
You shoot an arrow.
The arrow closely misses the crimson imp.
The arrow barely misses the quasit.
The crimson imp hits you but does no damage.
You shoot an arrow. The arrow hits the crimson imp.
The arrow freezes the crimson imp.
The crimson imp is almost dead.
The crimson imp hits you but does no damage. x2
You shoot an arrow.
The arrow barely misses the crimson imp.
The arrow closely misses the quasit.
The crimson imp barely misses you.
You shoot an arrow. The arrow misses the crimson imp.
The arrow hits the quasit.
The quasit is lightly wounded.
The crimson imp closely misses you.
You shoot an arrow.
The arrow hits the crimson imp but does no damage.
The crimson imp is severely wounded.
The crimson imp hits you.
You die...

...>........
...........#
...........#
...........#
.....r.....#
.S.........#
....###....#
....#
#ยค#)## #.#
#.#@#
#.###{#5#
#.#....5#
#.#.....#
#.#.....#
####.###.#.#
#........#.#
#.##.#####.#
#.##.##..#.#


You could see a quasit (summoned) and a crimson imp (summoned).

Vanquished Creatures
  A hound (D:4)
  3 gnolls (D:3)
  3 adders
  2 dart slugs
  2 orcs (D:3)
  7 ball pythons
  3 endoplasms
  2 giant cockroaches
  8 goblins
  5 hobgoblins
  10 jackals
  2 quokkas
  7 bats
  3 frilled lizards
  4 kobolds
  7 rats
69 creatures vanquished.

Notes
Turn   | Place    | Note
-------+----------+-------------------------------------------
     0 | D:1      | qw the Gargoyle Hunter began the quest for the Orb.
     0 | D:1      | Reached XP level 1. HP: 12/12 MP: 1/1
     0 | D:1      | 0 ||| qw: Version: 0.3-a-76-g4403597
     0 | D:1      | 0 ||| qw: Game counter: 1176
     0 | D:1      | 0 ||| qw: Melee chars always use a shield: true
     0 | D:1      | 0 ||| qw: God list: Okawaru
     0 | D:1      | 0 ||| qw: Allow faded altars: false
     0 | D:1      | 0 ||| qw: Do Orc after clearing Dungeon:15 true
     0 | D:1      | 0 ||| qw: Do second Lair branch before Depths: true
     0 | D:1      | 0 ||| qw: Lair rune preference: random
     0 | D:1      | 0 ||| qw: Goals: Normal
     0 | D:1      | 0 ||| PLANNING D:1-11
    67 | D:1      | Reached XP level 2. HP: 16/17 MP: 2/2
   254 | D:1      | Found a faded altar of an unknown god.
   273 | D:1      | Reached XP level 3. HP: 21/21 MP: 3/3
   313 | D:1      | Reached skill level 5 in Ranged Weapons
   350 | D:1      | 350 ||| UPGRADING to +0 cloak.
   355 | D:1      | 355 ||| READING scroll labelled HOLUCS GEJIO.
   356 | D:1      | 356 ||| READING scroll labelled INAEVE JOLANT.
   357 | D:1      | 357 ||| DROPPING scroll of butterflies.
   485 | D:2      | Found a sacrificial altar of Ru.
   774 | D:2      | Reached skill level 3 in Fighting
   856 | D:2      | 856 ||| UPGRADING to +0 ring mail.
   866 | D:2      | 866 ||| DROPPING +0 leather armour.
   867 | D:2      | 867 ||| READING scroll labelled GEAVOGGABRU.
   868 | D:2      | 868 ||| READING scroll labelled CUERYD VACAVEI.
   869 | D:2      | 869 ||| READING scroll labelled SAODGHA LEGATSO.
   870 | D:2      | 870 ||| READING scroll labelled CAEBBU ZELE.
   922 | D:3      | Reached skill level 1 in Armour
   922 | D:3      | Reached XP level 4. HP: 28/28 MP: 4/4
  1259 | D:3      | 1259 ||| RETREATING.
  1262 | D:3      | 1262 ||| Stepping ~*~*~tactically~*~*~ (water).
  1375 | D:3      | Reached XP level 5. HP: 32/32 MP: 5/5
  1674 | D:3      | 1674 ||| UPGRADING to +1 pair of gloves.
  1679 | D:3      | 1679 ||| READING scroll labelled UNISAZUNAT.
  1680 | D:3      | 1680 ||| DRINKING 2 brown potions.
  1681 | D:3      | 1681 ||| DRINKING 2 fuming blue potions.
  1681 | D:3      | Gained mutation: You have hidden genetic defects. [potion
                  | of mutation]
  1681 | D:3      | Gained mutation: You are clumsy. (Dex -2) [potion of
                  | mutation]
  1681 | D:3      | Gained mutation: You have a pair of small antennae on your
                  | head. [potion of mutation]
  1682 | D:3      | 1682 ||| DROPPING potion of brilliance.
  1702 | D:4      | 1702 ||| PLANNING SEWER
  1704 | D:4      | 1704 ||| STAIRDANCE
  1795 | D:4      | Noticed Eustachio
  1803 | D:4      | 1803 ||| Stepping ~*~*~tactically~*~*~ (retreating).
  1804 | D:4      | 1804 ||| Stepping ~*~*~tactically~*~*~ (retreating).
  1805 | D:4      | 1805 ||| Stepping ~*~*~tactically~*~*~ (retreating).
  1806 | D:4      | 1806 ||| Stepping ~*~*~tactically~*~*~ (retreating).
  1807 | D:4      | 1807 ||| Stepping ~*~*~tactically~*~*~ (retreating).
  1818 | D:4      | Reached skill level 6 in Ranged Weapons
  1822 | D:4      | Gained mutation: You do not regenerate when monsters are
                  | visible. [hidden defects]
  1832 | D:4      | HP: 5/32 [quokka[Eustachio] (4)]
  1833 | D:4      | HP: 2/32 [ufetubus[Eustachio] (3)]
  1847 | D:4      | Slain by a crimson imp

Levels and vault maps discovered:
D:1:      wander_arrival_desolate, layout_rooms,
          hellmonk_ecumenical_altar_run_dry
D:2:      layout_basic, basic_altar
D:3:      layout_loops_cross, kennysheep_boxes
D:4:      layout_basic, nicolae_sif_muna_condensation,
          kennysheep_okawaru_gauntlet, portal_sewer_entry_e, enter_ossuary_2,
          serial_shops, shop, chequers_serial_rivers_marsh, uniq_eustachio

Skill      XL: |  1  2  3  4  5 |
---------------+----------------+-----
Ranged Weapons | 5 6 |  6.1
Fighting       | 3 |  3.0
Armour         | 1 |  1.0
Dodging        | |  1.5
Stealth        | |  1.1

Action                     |  1- 3 |  4- 6 || total
---------------------------+-------+-------++-------
   Fire: Shortbow          |   100 |   145 ||   245
    Use: Scroll            |     6 |     1 ||     7
         Potion            |       |     2 ||     2
 Armour: Leather armour    |    24 |       ||    24
         Ring mail         |       |   117 ||   117
  Dodge: Dodged            |    19 |    90 ||   109

Table legend:
 A = Non-vault XP
 B = Vault XP
 C = Vault XP percentage of total XP
 D = Non-vault monster count
 E = Vault monster count
 F = Vault count percentage of total count
                 A         B        C        D         E       F
            +---------+---------+-------+---------+---------+-------
      Total |     238 |       0 |   0.0 |      69 |       0 |   0.0
            +---------+---------+-------+---------+---------+-------
        D:1 |      43 |       0 |   0.0 |      28 |       0 |   0.0
        D:2 |      28 |       0 |   0.0 |       9 |       0 |   0.0
        D:3 |     109 |       0 |   0.0 |      25 |       0 |   0.0
        D:4 |      58 |       0 |   0.0 |       7 |       0 |   0.0
            +---------+---------+-------+---------+---------+-------
